 Dungeon Crawl Stone Soup version 0.19.0-22-gd96e5fe (webtiles) character file.

95 equalderp2856 the Scratcher (level 4, -1/21 HPs)
             Began as a Felid Fighter on Nov 19, 2016.
             Slain by an orc wizard
             ... wielding a +0 trident
              (8 damage)
             ... on level 4 of the Dungeon.
             The game lasted 00:11:48 (3391 turns).

equalderp2856 the Scratcher (Felid Fighter)         Turns: 3391, Time: 00:11:49

Health: -1/21      AC:  1    Str: 13    XL:     4   Next: 40%
Magic:  5/5        EV: 20    Int:  9    God:
Gold:   83         SH:  0    Dex: 15    Spells: 0 memorised, 3 levels left
                                        Lives:  0   Deaths: 1

rFire  . . .     SeeInvis +       - Unarmed
rCold  . . .     Gourm    .     (armour unavailable)
rNeg   . . .     Faith    .     (shield unavailable)
rPois  .         Spirit   .     (helmet unavailable)
rElec  .         Reflect  .     (cloak unavailable)
rCorr  .         Harm     .     (gloves unavailable)
MR     .....                    (boots unavailable)
Stlth  +++.......               (no amulet)
                                (no ring)
                                (no ring)

@: quick
A: no armour, no weapons or thrown items, stealth, claws 1, fangs 3, see
invisible, carnivore 3, speed 1, shaggy fur 1, slow metabolism 1, sharp paws
a: no special abilities


You were on level 4 of the Dungeon.
You were not hungry.

You visited 2 branches of the dungeon, and saw 5 of its levels.

You collected 83 gold pieces.

Inventory:

Missiles
 l - 12 poisoned needles
Scrolls
 d - 2 scrolls of enchant armour {unknown}
 e - 2 scrolls of remove curse {unknown}
 f - 3 scrolls of amnesia {unknown}
 g - 2 scrolls of fog {unknown}
 h - 2 scrolls of teleportation {unknown}
 i - 2 scrolls of blinking {unknown}
 n - a scroll of identify {unknown}
Potions
 a - a potion of might
 j - a potion of invisibility {unknown}
 m - a potion of agility {unknown}
Comestibles
 b - 2 meat rations
 c - a beef jerky
 k - a royal jelly


   Skills:
 + Level 3.5 Fighting
 + Level 4.9 Dodging
 + Level 2.6 Stealth
 + Level 5.3 Unarmed Combat


You had 3 spell levels left.
You didn't know any spells.

Dungeon Overview and Level Annotations

Branches:
Dungeon (4/15)             Temple (1/1) D:4

Altars:
Ashenzari
Cheibriados
Dithmenos
Fedhas
Gozag
Hepliaklqana
Kikubaaqudgha
Makhleb
Okawaru
Qazlal
Ru
Uskayaw
Vehumet
Xom
Yredelemnul
Zin

Annotations:
D:3 herpmino's ghost, weakling TrMo


Innate Abilities, Weirdness & Mutations

You cannot wear armour.
You are incapable of wielding weapons or throwing items.
Your paws allow you to move quietly. (Stealth)
You have sharp claws.
You have razor-sharp teeth.
You have supernaturally acute eyesight. (SInv)
You are carnivorous and can eat meat at any time.
You cover ground quickly.
You are covered in fur. (AC +1)
You have a slow metabolism.
Your sharp claws are effective at attacking unaware monsters.


Message History

The orc wizard is lightly wounded.
The orc wizard closely misses you.
You barely miss the orc wizard.
The orc wizard is lightly wounded.
The orc wizard misses you.
You barely miss the orc wizard.
The orc shouts!
Your bite misses the orc wizard.
The orc wizard is lightly wounded.
The orc wizard barely misses you. The orc wizard closely misses you.
You claw the orc wizard!
The orc wizard is severely wounded.
The orc wizard barely misses you. The orc wizard completely misses you.
You scratch the orc wizard.
You kill the orc wizard!
The orc throws a stone.
The stone closely misses the orc wizard.
The stone misses you.
The orc wizard hits you from afar with a trident!
You die...

..# ..... [###.###
..# #.... ...#%...
..#####
#Z...###.....#
......##
.....##.?...#
.......?
#.#>........#
......##
#.#...#.....#
....#....
#.....#..†..#
......##..
#....†?.####
......##...##.#Z@####
......##....o.o..#
....#.####.##.####
...##.# #.# .. #.#
##### ######.# .#####
#.####...# #......#
.....#
#......#.###.######
%# ######.......#
o###.### #########


You could see an orc wizard (invisible), an orc and a leopard gecko skeleton.

Vanquished Creatures
  Jessica (D:3)
  A worker ant (D:4)
  An orc wizard (D:4)
  2 adders (D:2)
  An adder skeleton (D:4)
  A worm (D:2)
  An orc (D:4)
  A giant cockroach (D:4)
  5 goblins
  3 hobgoblins
  10 jackals
  A quokka (D:4)
  3 bats (D:1)
  6 frilled lizards
  6 kobolds
  3 rats
46 creatures vanquished.

Vanquished Creatures (others)
  A leopard gecko (D:1)
1 creature vanquished.

Grand Total: 47 creatures vanquished

Notes
Turn   | Place    | Note
-------+----------+-------------------------------------------
     0 | D:1      | equalderp2856 the Felid Fighter began the quest for the Orb.
     0 | D:1      | Reached XP level 1. HP: 10/10 MP: 2/2
   469 | D:1      | Reached XP level 2. HP: 14/14 MP: 3/3
   556 | D:1      | Reached skill level 1 in Stealth
  1347 | D:2      | Reached XP level 3. HP: 16/17 MP: 4/4
  1786 | D:2      | Found a snail-covered altar of Cheibriados.
  1835 | D:2      | Found an opulent altar of Gozag.
  2019 | D:2      | Found a basalt altar of Yredelemnul.
  2019 | D:2      | Found an ancient bone altar of Kikubaaqudgha.
  2259 | D:3      | Found a shattered altar of Ashenzari.
  2421 | D:3      | Found an iron altar of Okawaru.
  2473 | D:3      | Found a glowing silver altar of Zin.
  2477 | D:3      | Noticed Jessica
  2486 | D:3      | Killed Jessica
  2486 | D:3      | Reached XP level 4. HP: 21/21 MP: 5/5
  2505 | D:3      | Noticed herpmino's ghost (weakling TrMo)
  2575 | D:4      | Noticed an ogre
  2587 | D:4      | Reached skill level 5 in Unarmed Combat
  2950 | D:4      | Found a staircase to the Ecumenical Temple.
  2961 | Temple   | Entered the Ecumenical Temple
  3348 | D:4      | Killed from afar by an orc wizard
  3349 | D:4      | Reached XP level 3. HP: 0/17 MP: 4/4
  3373 | D:4      | Reached XP level 4. HP: 21/21 MP: 5/5
  3391 | D:4      | Slain by an orc wizard

Skill      XL: |  1  2  3  4 |
---------------+-------------+-----
Stealth        | 1 2 |  2.6
Unarmed Combat | 5 |  5.3
Fighting       | |  3.5
Dodging        | |  4.9

Action                   |  1- 3 |  4- 6 || total
-------------------------+-------+-------++-------
Melee: Unarmed           |    86 |    54 ||   140
       Bite              |     4 |     6 ||    10
 Stab: Sleeping          |     5 |       ||     5
  Eat: Chunk             |     7 |     2 ||     9
Armor: Skin              |     6 |     1 ||     7
Dodge: Dodged            |    76 |    68 ||   144
